 Dungeon Crawl Stone Soup version 0.28-a0-883-gc8d7bad45d (webtiles) character file.

Game seed: 15510987437131860834

94943 mcbry74 the Severer (level 16, -5/143 HPs)
             Began as a Hill Orc Fighter on Nov 21, 2021.
             Was the Champion of Qazlal.
             Slain by a red very ugly thing (11 damage)
             ... on level 2 of the Abyss.
             The game lasted 02:41:42 (27583 turns).

mcbry74 the Severer (Hill Orc Fighter)             Turns: 27583, Time: 02:41:46

Health: -5/143     AC: 27    Str: 26    XL:     16   Next: 12%
Magic:  27/27      EV: 13    Int:  8    God:    Qazlal [******]
Gold:   2051       SH: 16    Dex: 20    Spells: 15/15 levels left

rFire   + . .      SeeInvis +   L - +8 broad axe of Governance {vorpal, Dex+5}
rCold   + . .      Faith    +   c - +0 buckler
rNeg    . . .      Spirit   .   v - +3 plate armour {rC+}
rPois   .          Reflect  .   K - +1 helmet {SInv}
rElec   .          Harm     .   (no cloak)
rCorr   .          Rampage  .   u - +2 pair of gloves {Dex+3}
Will    +....                   t - +1 pair of boots
Stlth   ..........              k - amulet of Ulluig {Faith Dex+2 Stlth+}
HPRegen 0.33/turn               X - +4 ring of evasion
MPRegen 0.20/turn               J - +4 ring of slaying

@: about to teleport, protected from fire, repel missiles
A: no striking features
a: Renounce Religion, Upheaval, Elemental Force, Disaster Area


You were on level 2 of the Abyss.
You worshipped Qazlal.
Qazlal was exalted by your worship.
You visited 3 branches of the dungeon, and saw 22 of its levels.
You visited the Abyss 1 time.

You collected 3003 gold pieces.
You spent 952 gold pieces at shops.

Inventory:

Hand Weapons
 a - a +7 war axe of flaming
 y - a +6 demon trident
 L - the +8 broad axe of Governance (weapon) {vorpal, Dex+5}
   (You acquired it on level 10 of the Dungeon)

   It inflicts extra damage upon your enemies.
   Dex:       It affects your dexterity (+5).
Missiles
 h - 3 boomerangs (quivered)
 q - 40 poisoned darts
 r - 2 throwing nets
 x - 2 boomerangs of dispersal
 z - 7 silver javelins
 B - 6 curare-tipped darts
 I - 4 silver boomerangs
 S - 2 javelins
Armour
 c - a +0 buckler (worn)
 t - a +1 pair of boots (worn)
 u - a +2 pair of gloves of dexterity (worn)
 v - a +3 plate armour of cold resistance (worn)
 C - +0 acid dragon scales
 G - a scarf of shadows
 K - a +1 helmet of see invisible (worn)
 N - a +3 ring mail of poison resistance
Jewellery
 k - the amulet of Ulluig (around neck) {Faith Dex+2 Stlth+}
   (You acquired it on level 6 of the Lair of Beasts)

   [amulet of faith]

   It allows you to gain divine favour quickly.
   Dex:       It affects your dexterity (+2).
   Stlth:     It makes you more stealthy.
 o - an amulet of the acrobat
 s - a ring of ice
 D - a +6 ring of strength
 H - a ring of see invisible
 J - a +4 ring of slaying (right hand)
 P - a ring of positive energy
 Q - a +6 ring of dexterity
 U - a ring of protection from fire
 V - an amulet of magic regeneration
 X - a +4 ring of evasion (left hand)
Wands
 d - a wand of acid (40)
 w - a wand of paralysis (12)
 F - a wand of iceblast (25)
 M - a wand of mindburst (9)
 W - a wand of charming (24)
Scrolls
 f - 6 scrolls of identify
 m - 2 scrolls of magic mapping
 p - 6 scrolls of teleportation
 E - 2 scrolls of fear
 R - a scroll of silence
 Y - 3 scrolls of blinking
 Z - 2 scrolls of fog
Potions
 b - 6 potions of ambrosia
 e - a potion of cancellation
 g - 5 potions of lignification
 i - 2 potions of haste
 j - 7 potions of curing
 A - 4 potions of brilliance
 O - 3 potions of flight
 T - a potion of invisibility
Miscellaneous
 n - a box of beasts


   Skills:
 - Level 13.0 Fighting
 - Level 16.0 Axes
 * Level 8.9 Throwing
 - Level 12.5 Armour
 + Level 2.0 Dodging
 + Level 11.8 Shields
 + Level 15.1 Invocations
 * Level 10.6 Evocations


You had 15 spell levels left.
You didn't know any spells.
Your spell library contained the following spells:

 Spells                   Type           Power      Damage    Failure   Level
 Freeze                   Ice            0%         1d3       98%         1
 Magic Dart               Conj           0%         1d3       98%         1
 Slow                     Hex            0%         N/A       98%         1
 Call Imp                 Summ           0%         N/A       99%         2
 Ensorcelled Hibernation  Hex/Ice        0%         N/A       99%         2
 Poisonous Vapours        Pois/Air       0%         N/A       99%         2
 Call Canine Familiar     Summ           0%         N/A       100%        3
 Confusing Touch          Hex            0%         N/A       100%        3
 Frozen Ramparts          Ice            0%         1d2       100%        3
 Gell's Gravitas          Tloc           0%         N/A       100%        3
 Ignite Poison            Fire/Tmut/Pois 0%         N/A       100%        3
 Mephitic Cloud           Conj/Pois/Air  0%         N/A       100%        3
 Portal Projectile        Hex/Tloc       0%         N/A       100%        3
 Spider Form              Tmut/Pois      0%         N/A       100%        3
 Teleport Other           Tloc           0%         N/A       100%        3
 Vampiric Draining        Necr           0%         2d6       100%        3
 Hailstorm                Conj/Ice       0%         3d3       100%        4
 Ice Form                 Ice/Tmut       0%         N/A       100%        4
 Leda's Liquefaction      Hex/Erth       0%         N/A       100%        4
 Silence                  Hex/Air        0%         N/A       100%        5
 Yara's Violent Unravell  Hex/Tmut       0%         3d3       100%        5
 Dispersal                Tloc           0%         N/A       100%        6
 Simulacrum               Ice/Necr       0%         N/A       100%        6


Dungeon Overview and Level Annotations

Branches:
Dungeon (14/15)            Temple (0/1) D:6            Lair (6/6) D:9
  Swamp (0/4) Lair:4        Snake (0/4) Lair:4        Slime (0/5) Lair:6
    Orc (2/2) D:11            Elf (0/3) Orc:2
 Vaults: D:13-14

Altars:
Dithmenos
Elyvilon
Nemelex Xobeh
Qazlal
Sif Muna
Uskayaw
Beogh
Lugonu

Shops:
D:11 ?   D:12 *   D:13 [   Orc:2 *:?(

Portals:
Abyss: Lair:6
Pandemonium: Orc:2

Annotations:
D:9 3 runed translucent doors, exclusion: orange crystal statue


Message History

You block the tormentor's attack.
The red very ugly thing trunk-slaps you!!
* * * LOW HITPOINT WARNING * * *
You are confused.
You feel invigorated.
You hear a horrible gurgling sound!
You hear an angry squeal.
You hear a horrible gurgling sound! x2
An iron imp comes into view.
An ice devil comes into view.
The tormentor closely misses you. The tormentor hits you.
* * * LOW HITPOINT WARNING * * *
You writhe in agony.
* * * LOW HITPOINT WARNING * * *
The ynoxinul gestures.
The red very ugly thing trunk-slaps you!
* * * LOW HITPOINT WARNING * * *
You are covered in liquid flames.
You are covered in liquid flames!
You are no longer on fire.
You feel strangely stable.
Your magical effects are unravelling.
You feel magically purged.
You feel less invigorated.
You feel less confused.
You feel your health improve.
You hear a horrible gurgling sound! x3
You block the tormentor's attack.
The tormentor hits you but does no damage.
You feel yourself growing ill in the presence of the ancient zyme.
The red very ugly thing completely misses you.
The ynoxinul gestures.
As you read the scroll of teleportation, it crumbles to dust.
You feel strangely unstable.
You feel the power of the Abyss delaying your translocation!
You hear a horrible gurgling sound! x2
You block the tormentor's attack.
The tormentor hits you but does no damage.
A red very ugly thing comes into view.
The tormentor calls on the powers of darkness!
Your body is wracked with pain!
* * * LOW HITPOINT WARNING * * *
The red very ugly thing convulses!
The death drake convulses!
The red very ugly thing tentacle-slaps you!
You die...

. . . # . . . . .#
####. # # # ##
###. #.#....##
#... . ##.#.#.
#..#... . #.
.##.... x§.....#
.#. .
.....§u#2#......#.
# #@##.. .###.#
.#.. #u#3....#§##
†. #k3..##.# .. #
#5##W . .... .§.
..#### ... ##. . #
## # #. .##...# #
..## # ....# #. ##
.# # ..#3..#... #
.## ........


You could see 2 very ugly things, a death drake, an ancient zyme, a tormentor, a
ynoxinul and an iron imp.

Vanquished Creatures
  A bone dragon (Abyss:2)
  Rupert (D:13)
  A tentacled starspawn (Abyss:2)
  A very ugly thing (Abyss:2)
  An emperor scorpion (shapeshifter) (Lair:6)
  The ghost of sn0wgr3 the Fighter, a journeyman MiFi of Gozag (D:12)
  Josephine (D:10)
  3 vault guards (D:13)
  3 demonspawn (Orc:2)
  9 hydras
  2 centaur warriors
  A catoblepas (Lair:4)
  4 two-headed ogres
  7 orc high priests (Orc:2)
  The ghost of sanka the Grappler, a novice PaAK of Lugonu (D:9)
  Urug (Orc:2)
  4 thrashing horrors (Lair:6)
  Nergalle (D:10)
  A wretched star (Abyss:2)
  A sixfirhy (Abyss:2)
  9 starcursed masses (Abyss:2)
  A deep troll (shapeshifter) (Lair:6)
  The ghost of t4s4d4r the Martial Artist, a novice OpTm of Gozag (D:9)
  2 lindwurms
  A wizard (D:13)
  The ghost of sanka the Cleaver, a novice PaFi (D:7)
  4 orc knights (Orc:2)
  A phantasmal warrior (Abyss:2)
  3 cyclopes
  4 manticores
  5 orc sorcerers (Orc:2)
  5 ugly things
  5 black mambas
  6 elephants (Lair:6)
  4 smoke demons
  2 gargoyles
  An orange demon (Orc:2)
  10 cane toads
  A torpor snail (Lair:6)
  11 rime drakes
  An unseen horror (D:10)
  7 komodo dragons
  A hellion (Abyss:2)
  A yaktaur (shapeshifter) (D:13)
  A tormentor (Abyss:2)
  A yaktaur (D:13)
  2 ancient zymes
  A queen bee (Lair:2)
  A troll (shapeshifter) (Abyss:2)
  7 trolls
  A hornet (D:9)
  3 polar bears
  2 queen bees (shapeshifter)
  21 blink frogs
  A raiju (shapeshifter) (D:13)
  3 slime creatures (D:12)
  3 shadows
  3 vampires
  6 wraiths
  3 ynoxinuls
  A spriggan (Lair:6)
  23 basilisks
  33 yaks
  12 wyverns
  2 large abominations (Abyss:2)
  A human (D:13)
  A chaos spawn (Lair:6)
  A steam dragon (D:10)
  10 vampire mosquitoes
  2 wargs (Orc:2)
  3 acid dragons
  A naga (Lair:4)
  15 water moccasins
  2 hell hounds (Lair:4)
  8 small abominations
  30 orc warriors
  A swamp drake (D:9)
  7 black bears
  2 sky beasts
  4 ice beasts
  A necrophage (D:4)
  4 ogres
  9 wolves
  2 phantoms
  5 centaurs
  12 bullfrogs
  4 scorpions
  An earth elemental (Abyss:2)
  A water moccasin zombie (D:6)
  A gnoll sergeant (D:11)
  29 killer bees
  4 electric eels
  A howler monkey (D:12)
  26 orc priests
  4 centaur zombies
  3 hounds
  A jelly (D:7)
  A bullfrog skeleton (D:4)
  A gnoll shaman (D:5)
  An iron imp (Abyss:2)
  2 iguanas (D:4)
  A scorpion zombie (D:5)
  19 orc wizards
  15 hell rats
  A hound zombie (D:5)
  7 adders
  9 gnolls
  An adder skeleton (D:5)
  4 worms
  A dart slug (D:1)
  60 orcs
  6 ball pythons
  5 endoplasms
  2 giant cockroaches
  2 goblins
  4 hobgoblins
  8 jackals
  7 quokkas
  10 bats
  A frilled lizard (D:1)
  6 kobolds
  A quokka skeleton (D:4)
  6 rats
  2 butterflies
  A fire vortex (Lair:2)
642 creatures vanquished.

Vanquished Creatures (collateral kills)
  Jorgrun (D:13)
  A manticore (D:13)
  An ugly thing (D:13)
3 creatures vanquished.

Vanquished Creatures (others)
  A bush (Lair:6)
  30 fungi
  65 plants
  4 starspawn tentacles (Abyss:2)
100 creatures vanquished.

Grand Total: 745 creatures vanquished

Notes
Turn   | Place    | Note
-------+----------+-------------------------------------------
     0 | D:1      | mcbry74 the Hill Orc Fighter began the quest for the Orb.
     0 | D:1      | Reached XP level 1. HP: 19/19 MP: 1/1
    60 | D:1      | Reached skill level 3 in Axes
    79 | D:1      | Reached XP level 2. HP: 23/26 MP: 2/2
   182 | D:1      | Reached skill level 4 in Axes
   539 | D:1      | Found a faded altar of an unknown god.
   547 | D:1      | Prayed at the altar of an unknown god.
   547 | D:1      | Became a worshipper of Qazlal Stormbringer
   547 | D:1      | Reached * piety under Qazlal
   603 | D:1      | Reached XP level 3. HP: 30/31 MP: 3/3
   933 | D:2      | Found a shadowy altar of Dithmenos.
  1116 | D:2      | Reached skill level 1 in Invocations
  1425 | D:2      | Reached skill level 5 in Axes
  1563 | D:2      | Reached XP level 4. HP: 39/39 MP: 5/5
  2304 | D:3      | Reached ** piety under Qazlal
  2577 | D:3      | Reached skill level 6 in Axes
  2796 | D:4      | Noticed a scorpion
  2807 | D:4      | Killed a scorpion
  2808 | D:4      | Reached XP level 5. HP: 5/45 MP: 5/7
  2851 | D:4      | Noticed a phantom
  2864 | D:4      | HP: 1/45 [phantom (2)]
  2868 | D:4      | Killed a phantom
  2869 | D:4      | Reached skill level 7 in Axes
  2869 | D:4      | Reached XP level 6. HP: 2/51 MP: 8/8
  3388 | D:4      | You fall into a shaft and drop 1 floor!
  3388 | D:5      | Entered Level 5 of the Dungeon
  3533 | D:5      | Noticed a water moccasin
  3546 | D:5      | Killed a water moccasin
  3547 | D:5      | Reached skill level 8 in Axes
  3547 | D:5      | Reached XP level 7. HP: 39/57 MP: 10/10
  3729 | D:5      | Found a white marble altar of Elyvilon.
  3816 | D:5      | Noticed a yak
  3816 | D:5      | Noticed a yak
  3817 | D:5      | Noticed a yak
  3851 | D:4      | HP: 1/57 [yak (14)]
  3852 | D:4      | Killed a yak
  3853 | D:4      | Reached skill level 5 in Invocations
  3853 | D:4      | Killed a yak
  3854 | D:4      | Reached skill level 9 in Axes
  4165 | D:4      | Reached skill level 10 in Axes
  4165 | D:4      | Reached XP level 8. HP: 16/64 MP: 12/12
  4554 | D:4      | HP: 3/64 [orc warrior (3)]
  4555 | D:4      | HP: 1/64 [orc (2)]
  5810 | D:4      | Killed a yak
  6021 | D:5      | Reached skill level 5 in Fighting
  6671 | D:6      | Found a staircase to the Ecumenical Temple.
  6693 | D:6      | Reached skill level 11 in Axes
  6702 | D:6      | Reached XP level 9. HP: 74/74 MP: 14/14
  6902 | D:6      | Reached skill level 5 in Armour
  7370 | D:7      | Found a runed translucent gate.
  7372 | D:7      | Found a runed translucent gate.
  7372 | D:7      | Found a runed translucent gate.
  7373 | D:7      | Noticed sanka's ghost (novice PaFi)
  7376 | D:7      | Found a roughly hewn altar of Beogh.
  8090 | D:7      | Killed sanka's ghost
  8091 | D:7      | Reached skill level 12 in Axes
  8091 | D:7      | Reached XP level 10. HP: 66/86 MP: 13/17
  8337 | D:8      | Noticed a red ugly thing
  8343 | D:8      | Killed a red ugly thing
  8430 | D:8      | Found a sparkling altar of Nemelex Xobeh.
  8430 | D:8      | Found a stormy altar of Qazlal.
  8433 | D:8      | Found a hide-covered altar of Uskayaw.
  8503 | D:8      | Reached skill level 10 in Invocations
  8916 | D:8      | Noticed a two-headed ogre
  8918 | D:8      | Killed a two-headed ogre
  8992 | D:8      | Reached skill level 13 in Axes
  9327 | D:9      | Found a runed translucent door.
  9340 | D:9      | Found a runed translucent door.
  9350 | D:9      | Found a runed translucent door.
  9363 | D:9      | Found a runed translucent door.
  9363 | D:9      | Noticed a two-headed ogre
  9370 | D:9      | Killed a two-headed ogre
  9481 | D:9      | Found a runed translucent gate.
  9482 | D:9      | Found a runed translucent gate.
  9483 | D:9      | Found a runed translucent gate.
  9484 | D:9      | Noticed sanka's ghost (novice PaAK)
  9485 | D:9      | Noticed t4s4d4r's ghost (novice OpTm)
  9571 | D:9      | Noticed a two-headed ogre
  9605 | D:9      | Killed a two-headed ogre
  9606 | D:9      | Reached skill level 1 in Evocations
  9606 | D:9      | Reached XP level 11. HP: 56/97 MP: 19/19
 10569 | D:9      | Found a staircase to the Lair.
 10725 | D:9      | Killed sanka's ghost
 10734 | D:9      | Killed t4s4d4r's ghost
 10987 | D:9      | Noticed an orange crystal statue
 11022 | D:10     | Entered Level 10 of the Dungeon
 11080 | D:10     | Noticed Nergalle
 11105 | D:10     | Killed Nergalle
 11619 | D:10     | Noticed a two-headed ogre
 11627 | D:10     | Killed a two-headed ogre
 11628 | D:10     | Reached skill level 5 in Shields
 11722 | D:10     | Reached skill level 14 in Axes
 11727 | D:10     | Reached skill level 10 in Fighting
 11911 | D:10     | Reached skill level 10 in Armour
 12010 | D:10     | Noticed Josephine
 12027 | D:10     | Killed Josephine
 12028 | D:10     | Reached XP level 12. HP: 68/106 MP: 20/20
 12412 | D:10     | Identified a scroll of acquirement
 12412 | D:10     | Acquired the +8 broad axe of Governance {vorpal, Dex+5}
 12938 | D:11     | Noticed a four-headed hydra
 12945 | D:11     | Killed a two-headed hydra
 13436 | D:11     | Found a staircase to the Orcish Mines.
 13639 | D:11     | Found Umetzae's Magic Scroll Emporium.
 13668 | D:11     | Bought a scroll of blinking for 112 gold pieces
 13668 | D:11     | Bought a scroll of fog for 30 gold pieces
 13668 | D:11     | Bought a scroll of summoning for 142 gold pieces
 13878 | Lair:1   | Entered Level 1 of the Lair of Beasts
 13889 | Lair:1   | Reached skill level 1 in Throwing
 13999 | Lair:1   | Noticed an eight-headed hydra
 14011 | Lair:1   | Killed a three-headed hydra
 14398 | Lair:1   | Reached *** piety under Qazlal
 14443 | Lair:1   | Got the Incunabulum of Entrancing Poison
 15173 | Lair:2   | Reached skill level 5 in Evocations
 15202 | Lair:2   | Reached XP level 13. HP: 91/116 MP: 22/22
 15426 | Lair:2   | Reached **** piety under Qazlal
 15603 | Lair:2   | Reached skill level 15 in Axes
 17234 | Lair:4   | Found a staircase to the Swamp.
 17349 | Lair:4   | Reached ***** piety under Qazlal
 18278 | Lair:4   | Found a staircase to the Snake Pit.
 18743 | Lair:5   | Reached XP level 14. HP: 125/125 MP: 24/24
 19292 | Lair:5   | Reached skill level 5 in Throwing
 19995 | Lair:6   | Entered Level 6 of the Lair of Beasts
 20467 | Lair:6   | Acquired the amulet of Ulluig {Faith Dex+2 Stlth+}
 20664 | Lair:6   | Reached ****** piety under Qazlal
 20676 | Lair:6   | Noticed an emperor scorpion
 20694 | Lair:6   | Killed an emperor scorpion
 20849 | Lair:6   | Found a corrupted altar of Lugonu.
 20849 | Lair:6   | Found a one-way gate to the infinite horrors of the Abyss.
 21201 | Lair:6   | Found a staircase to the Slime Pits.
 21430 | Lair:6   | Reached skill level 10 in Shields
 22325 | Orc:1    | Entered Level 1 of the Orcish Mines
 22611 | Orc:2    | Entered Level 2 of the Orcish Mines
 22743 | Orc:2    | Reached skill level 16 in Axes
 22838 | Orc:2    | Noticed Urug
 22856 | Orc:2    | Killed Urug
 23102 | Orc:2    | Found a staircase to the Elven Halls.
 23158 | Orc:2    | Reached XP level 15. HP: 114/134 MP: 21/25
 23233 | Orc:2    | Found Cutofutob's General Store.
 23235 | Orc:2    | Found Gafera Zunu's Magic Scroll Shop.
 23316 | Orc:2    | Paralysed by an orc sorcerer for 5 turns
 23976 | Orc:2    | Found Rusar's Antique Weapon Shoppe.
 23976 | Orc:2    | Found Zuts's Book Emporium.
 23976 | Orc:2    | Found a one-way gate leading to the halls of Pandemonium.
 24758 | Orc:1    | Found a shimmering blue altar of Sif Muna.
 24976 | Orc:2    | Bought a scroll of teleportation for 39 gold pieces
 24976 | Orc:2    | Bought 4 silver boomerangs for 78 gold pieces
 24978 | Orc:2    | Bought a scroll of teleportation for 39 gold pieces
 24978 | Orc:2    | Bought a scroll of blinking for 97 gold pieces
 24978 | Orc:2    | Bought a scroll of enchant armour for 97 gold pieces
 25462 | D:12     | Found Hyativ's Assorted Antiques.
 25470 | D:12     | Bought a scroll of enchant weapon for 217 gold pieces
 25470 | D:12     | Bought a scroll of magic mapping for 101 gold pieces
 25844 | D:12     | You fall into a shaft and drop 1 floor!
 26013 | D:12     | You fall into a shaft and drop 2 floors!
 26071 | D:13     | Noticed Jorgrun
 26089 | D:13     | Killed Jorgrun
 26232 | D:13     | Found Obae's Armour Shoppe.
 26328 | D:13     | Noticed Rupert
 26340 | D:13     | Killed Rupert
 26799 | D:12     | Found a runed translucent door.
 26799 | D:12     | Noticed sn0wgr3's ghost (journeyman MiFi)
 26816 | D:12     | Killed sn0wgr3's ghost
 26819 | D:12     | Reached skill level 10 in Evocations
 27299 | D:13     | Cast into level 2 of the Abyss (a wizard)
 27321 | Abyss:2  | Noticed a bone dragon
 27372 | Abyss:2  | Killed a bone dragon
 27373 | Abyss:2  | Reached skill level 1 in Dodging
 27420 | Abyss:2  | Reached skill level 15 in Invocations
 27429 | Abyss:2  | Noticed a tentacled starspawn
 27445 | Abyss:2  | Killed a tentacled starspawn
 27446 | Abyss:2  | Reached XP level 16. HP: 26/143 MP: 27/27
 27581 | Abyss:2  | HP: 4/143 [red very ugly thing (10)]
 27583 | Abyss:2  | Slain by a red very ugly thing

Illustrated notes

Levels and vault maps discovered:
D:1:      dpeg_arrival_tiny_i, layout_loops_ring,
          hellmonk_ecumenical_altar_crossroads, kennysheep_nondescript,
          st_stairs_8
D:2:      layout_loops_ring, basic_altar
D:3:      layout_loops_ring
D:4:      layout_gridville, guppyfry_early_orc_mine
D:5:      layout_gridville, elyvilon_altar_4
D:6:      layout_cave_pools, temple_statues
D:7:      layout_basic, biasface_ghost_orc_armoury
D:8:      layout_loops_ring, grunt_temple_overflow_open
D:9:      layout_loops_ring, erik_lair_dragon, gammafunk_ghost_cemetery,
          minmay_statue_crystal_thing
D:10:     layout_roguey, enter_bailey_2, uniq_josephine, uniq_nergalle
D:11:     layout_basic, orc_0_dummy, serial_shops, nicolae_shop_window_shopping,
          st_stairs_5
D:12:     layout_loops_ring, ebering_ghost_inner_flame, serial_shops,
          nicolae_shop_overgrown_old_shop
D:13:     layout_basic, grunt_vaults_entry_fortified, serial_shops, shop,
          uniq_rupert, uniq_jorgrun
D:14:     layout_gridville, hangedman_glass_teeth
Lair:1:   layout_chaotic_city, beast_lair_carwin_3, lemuel_fruit_fields,
          serial_bayou_shore_b
Lair:2:   layout_gridlike, special_room [special_room_bee],
          gammafunk_lair_bear_cave, lemuel_fruit_fields
Lair:3:   layout_roguey
Lair:4:   layout_roguey [special_room_mythical_zoo], swamp_mist_pool,
          guppyfry_snake_entry_garden, serial_bayou_lagoon_b
Lair:5:   layout_roguey [special_room_mythical_zoo]
Lair:6:   hellmonk_lair_end_abyssal_woods, layout_loops_ring, slime_dummy,
          minivault_26, grunt_forest_large_clearing_hut, serial_bayou_shore_a
Orc:1:    layout_caves, led_sif_book
Orc:2:    pf_orc_diabolical, layout_caves, uniq_urug
Abyss:2:  base: D:3, gammafunk_corrupted_shrine, minivault_28

Skill      XL: |  1  2  3  4  5  6  7  8  9 10 11 12 13 14 15 16 |
---------------+-------------------------------------------------+-----
Axes           | 3 4 5 6 7 8 10 11 12 13 14 15 16 | 16.0
Invocations    | 1 3 4 6 7 9 11 12 13 14 15 | 15.1
Fighting       | 5 7 9 10 11 12 13 | 13.0
Armour         | 4 6 8 10 11 12 | 12.5
Evocations     | 1 3 5 6 8 10 | 10.6
Shields        | 5 6 8 10 11 | 11.8
Throwing       | 2 4 6 8 |  8.9
Dodging        | 1 2 |  2.0

Action                   |  1- 3 |  4- 6 |  7- 9 | 10-12 | 13-15 | 16-18 || total
-------------------------+-------+-------+-------+-------+-------+-------++-------
Melee: War axe           |    96 |   130 |   252 |   349 |   212 |       ||  1039
       Broad axe         |       |       |       |    62 |   591 |    44 ||   697
Throw: Stone             |       |     1 |    13 |     2 |       |       ||    16
       Dart              |       |       |       |    47 |     5 |       ||    52
       Boomerang         |       |       |       |       |   267 |    11 ||   278
Invok: Upheaval          |       |       |    10 |     7 |    15 |       ||    32
  Use: Potion            |       |     2 |     4 |       |     6 |     5 ||    17
       Scroll            |       |     3 |     9 |     9 |    12 |     2 ||    35
Armor: Scale mail        |    36 |    45 |    22 |       |       |       ||   103
       Plate armour      |       |       |    95 |   199 |   291 |    11 ||   596
Dodge: Dodged            |    34 |    63 |    59 |    94 |   223 |    29 ||   502
       Repelled          |       |       |       |       |     7 |     1 ||     8
Block: Buckler           |    29 |    48 |    77 |   127 |   397 |    28 ||   706

Table legend: (Time is in decaauts)
 A = Elapsed time spent in this place.
 B = Non-inter-level travel time spent in this place.
 C = Inter-level travel time spent in this place.
 D = Time resting spent in this place.
 E = Time spent auto-exploring this place.
 F = Levels seen in this place.
 G = Mean time per level.
                   A        B        C        D        E       F      G
               +--------+--------+--------+--------+--------+-----+--------+
         Total |  27466 |  26469 |    997 |   7145 |  13216 |  23 | 1194.2 |
       Dungeon |  16115 |  15475 |    640 |   4278 |   7929 |  14 | 1151.1 |
          Lair |   8378 |   8147 |    231 |   1944 |   4364 |   6 | 1396.3 |
  Orcish Mines |   2708 |   2583 |    125 |    865 |    923 |   2 | 1354.0 |
         Abyss |    264 |    264 |      0 |     57 |      0 |   1 |  264.0 |
               +--------+--------+--------+--------+--------+-----+--------+

Top non-repeatable levels by time:
  Lair:4: 2251 daAuts
     D:4: 2193 daAuts
  Lair:6: 2073 daAuts
     D:9: 2060 daAuts
   Orc:2: 2060 daAuts
     D:3: 1501 daAuts
    D:11: 1444 daAuts
    D:10: 1431 daAuts
  Lair:1: 1424 daAuts
     D:5: 1078 daAuts
  Lair:2: 1077 daAuts
    D:12: 1017 daAuts
     D:8: 1017 daAuts
     D:7: 986 daAuts
     D:1: 952 daAuts
